 Dungeon Crawl Stone Soup version 0.21.1-1-g345015fe64 (webtiles) character file.

105 Faustar the Grave Robber (level 4, 0/36 HPs)
             Began as a Deep Dwarf Necromancer on June 9, 2018.
             Killed from afar by a white imp (8 damage)
             ... with a puff of frost
             ... summoned by Natasha
             ... on level 2 of the Dungeon.
             The game lasted 00:05:17 (1553 turns).

Faustar the Grave Robber (Deep Dwarf Necromancer)   Turns: 1553, Time: 00:05:19

Health: 0/36       AC:  2    Str: 12    XL:     4   Next: 54%
Magic:  1/6        EV: 12    Int: 16    God:
Gold:   71         SH:  0    Dex: 13    Spells: 4/8 levels left

rFire    + . .     SeeInvis .   h - +0 hand axe
rCold    . . .     Gourm    .   (no shield)
rNeg     . . .     Faith    .   a - +0 robe
rPois    .         Spirit   .   (no helmet)
rElec    .         Reflect  .   (no cloak)
rCorr    .         Harm     .   (no gloves)
MR       .....                  (no boots)
Stlth    ++........             (no amulet)
HPRegen  0.00/turn              g - ring of protection from fire
MPRegen  0.10/turn              (no ring)

@: non-regenerating, slowed, very slow
A: damage resistance, heal wounds, sense surroundings 1, no regeneration
a: Heal Wounds


You were on level 2 of the Dungeon.
You were not hungry.

You visited 1 branch of the dungeon, and saw 2 of its levels.

You collected 71 gold pieces.

Inventory:

Hand Weapons
 d - a +0 club
 h - a +0 hand axe (weapon)
Armour
 a - a +0 robe (worn)
Jewellery
 g - a ring of protection from fire (left hand)
Scrolls
 e - 2 scrolls of fog {unknown}
 l - a scroll of identify {unknown}
 m - a scroll of remove curse {unknown}
 n - a scroll of teleportation {unknown}
 o - a scroll of enchant weapon {unknown}
Potions
 f - a potion of cancellation {unknown}
 i - a potion of might {unknown}
 j - 2 potions of berserk rage {unknown}
Books
 b - a book of Necromancy

   Spells                             Type                      Level
   a - Pain                           Necromancy                   1
   b - Animate Skeleton               Necromancy                   1
   c - Vampiric Draining              Necromancy                   3
   d - Regeneration                   Charms/Necromancy            3
   e - Animate Dead                   Necromancy                   4
   f - Borgnjor's Vile Clutch         Necromancy/Earth             5
Comestibles
 c - 3 rations
 k - 4 chunks of flesh


   Skills:
 + Level 2.5 Axes
 - Level 2.1 Dodging
 - Level 2.4 Stealth
 - Level 2.6 Spellcasting
 + Level 5.3 Necromancy


You had 4 spell levels left.
You knew the following spells:

 Your Spells              Type           Power        Failure   Level  Hunger
a - Pain                  Necr           ###.         2%          1    #......
b - Vampiric Draining     Necr           ###.......   7%          3    ###....


Dungeon Overview and Level Annotations

Branches:
Dungeon (2/15)

Altars:

Annotations:
D:2 Natasha, Robin


Innate Abilities, Weirdness & Mutations

You are resistant to damage.
You can heal yourself by infusing magical energy.
You passively map a small area around you.
You do not regenerate.


Message History

You barely miss the white imp. You barely miss the iron imp.
Natasha misses you. The white imp gestures at you. The puff of frost hits you!
* * * LOW HITPOINT WARNING * * *
The iron imp closely misses you. Natasha closely misses you.
Unknown command.
Your magical essence is drained by the effort!
You feel much better. The white imp barely misses you.
The iron imp closely misses you. Natasha claws you!
The white imp gestures at you. The puff of frost hits you!
You hit Natasha but do no damage.
Natasha is almost dead.
You barely miss the iron imp. You hit the white imp but do no damage.
Natasha barely misses you. The iron imp hits you.
* * * LOW HITPOINT WARNING * * *
The white imp gestures at you. The puff of frost hits you!
You die...

###### * * ## ###....# ...
* #......#### ....
###.#........ .....
#...#....#### ..h...#####
#.######## ,
.........รท###.##
*#.##.####h.....##########
* , #@5.........(....# *
#5...####).......#
*..##................#
##### . *
..>.....#############
....##... .##.#...# *
......... , #....)..#
S<..# * #.......#.# ....#
, , ).......#..# # ....#
*** .###...## ..# * # .


You could see an iron imp, Natasha and a white imp.

Vanquished Creatures
  Natasha (twice) (D:2)
  An adder (D:2)
  A worm (D:2)
  2 dart slugs
  5 bats
  2 giant cockroaches
  11 goblins
  5 hobgoblins
  A ball python (D:2)
  3 frilled lizards (D:2)
  5 rats
38 creatures vanquished.

Notes
Turn   | Place    | Note
-------+----------+-------------------------------------------
     0 | D:1      | Faustar the Deep Dwarf Necromancer began the quest for the Orb.
     0 | D:1      | Reached XP level 1. HP: 15/15 MP: 3/3
   246 | D:1      | Reached XP level 2. HP: 8/22 MP: 1/5
   942 | D:2      | Reached skill level 1 in Axes
   942 | D:2      | Reached XP level 3. HP: 23/28 MP: 1/6
  1011 | D:2      | Noticed Robin
  1056 | D:2      | Learned a level 3 spell: Vampiric Draining
  1177 | D:2      | Found a faded altar of an unknown god.
  1257 | D:2      | Noticed Natasha
  1263 | D:2      | Killed Natasha
  1263 | D:2      | Reached skill level 5 in Necromancy
  1263 | D:2      | Reached XP level 4. HP: 34/36 MP: 1/7
  1443 | D:2      | Noticed Natasha
  1496 | D:2      | Killed Natasha
  1530 | D:2      | Noticed Natasha
  1553 | D:2      | Killed from afar by a white imp

Skill      XL: |  1  2  3 |
---------------+----------+-----
Spellcasting   | 2 |  2.6
Axes           | 1 2 |  2.5
Necromancy     | 5 |  5.3
Dodging        | |  2.1
Stealth        | |  2.4

Action                   |  1- 3 |  4- 6 || total
-------------------------+-------+-------++-------
Melee: Club              |    11 |       ||    11
       Unarmed           |     5 |       ||     5
       Hand axe          |    15 |    14 ||    29
 Cast: Pain              |    47 |    23 ||    70
       Vampiric Draining |       |     1 ||     1
 Abil: Heal Wounds       |     2 |     1 ||     3
 Stab: Sleeping          |     3 |       ||     3
  Eat: Chunk             |     2 |     1 ||     3
Armor: Robe              |    10 |       ||    10
Dodge: Dodged            |    19 |    17 ||    36
